Map: Cerulean Fall LE

Players

Yots

  • Race: Zerg Zerg
  • League: Platinum
  • Spawn Location: 1:00

Swatopluke - Winner!

  • Race: Protoss Protoss
  • League: Platinum
  • Spawn Location: 7:00

VOD

Have the link to the VOD?

Description

Time

  • Played on: Nov. 13, 2018, 12:18 p.m.
  • Length: 5:23
Show
View Real Time Build Order
Export as new Build Order

Yots Zerg 

Build Orders: Hatch First 

Get SALT Encoding   

  12  0:01  Drone  
  13  0:12  Overlord  
  13  0:17  Drone  
  14  0:31  Drone x2  
  14  0:34  Drone  
  17  0:56  Hatchery  
  16  1:00  Drone  
  16  1:01  Drone  
  18  1:07  Extractor  
  17  1:25  Drone  
  17  1:26  Drone, Spawning Pool  
  17  1:32  Drone  
  19  1:50  Drone  
  19  1:51  Overlord  
  20  2:07  Drone  
  21  2:13  Queen x2  
  21  2:14  Metabolic Boost  
  25  2:24  Zergling x2  
  25  2:26  Drone  
  25  2:27  Drone x2  
  28  2:45  Drone x4  
  28  2:51  Queen  
  34  2:59  Evolution Chamber  
  34  3:01  Drone x2  
  34  3:12  Spine Crawler  
  33  3:16  Evolution Chamber  
  32  3:24  Drone  
  32  3:25  Drone x3  
  32  3:26  Overlord  
  29  3:58  Drone x7  
  29  3:59  Drone x5  
  37  4:12  Drone x3  
  40  4:18  Lair  
  40  4:19  Extractor  
  40  4:21  Zergling x2  
  40  4:27  Drone x3  
  42  4:47  Roach Warren  
  35  5:12  Spine Crawler  
Show
View Real Time Build Order
Export as new Build Order

Swatopluke Protoss - Winner!

Build Orders: Mass Adepts 

Get SALT Encoding   

  12  0:01  Probe  
  13  0:13  Probe  
  14  0:21  Pylon  
  14  0:25  Probe  
  15  0:37  Probe  
  15  0:39  Gateway  
  16  0:45  Probe  
  17  0:54  Probe  
  17  0:57  Gateway  
  17  1:03  Assimilator  
  18  1:06  Probe  
  19  1:18  Probe  
  20  1:26  Cybernetics Core  
  20  1:29  Pylon  
  20  1:31  Probe  
  21  1:43  Probe  
  21  1:45  Assimilator  
  22  1:55  Probe  
  23  2:03  Adept x2  
  23  2:04  Warp Gate  
  23  2:07  Probe  
  28  2:19  Pylon  
  28  2:28  Twilight Council  
  28  2:29  Adept x2  
  28  2:41  Probe  
  33  2:49  Gateway  
  33  2:53  Probe  
  33  2:55  Adept  
  36  3:01  Adept  
  36  3:04  Resonating Glaives  
  38  3:09  Pylon  
  38  3:22  Probe  
  35  4:10  Probe  
  35  4:11  Adept x3  
  42  4:21  Nexus  
  42  4:22  Probe  
  43  4:31  Adept x2  
  43  4:37  Pylon  
  47  4:59  Adept  
  49  5:00  Adept x2  
Tags
 
Composition
Mass Adepts
Matchup
PvZ
Replay Pack
Swatopluke
Spawn Locations
Cross Positions
Add a new tag
Caveats
  • Supply blocks, unpowered buildings, or Contaminate may cause inaccurate times.
  • Supply counts are checked every 10 seconds.